Blue Jackets vs Canadiens (R3)

Created - 14 novembre 2015 at 22:54

Goals
1 2 3 T
Blue Jackets 0 3 0 3
Canadiens 1 0 0 1
Shots
1 2 3 T
Blue Jackets 7 15 4 26
Canadiens 4 14 8 26

1st period

1. Canadiens , Marc Savard 6 (Patrick Sharp, Dan Boyle) at 16:40

Penalties :
François Beauchemin (Clb) for Interference (Minor) at 1:20, Dustin Boyd (Mon) for Holding (Minor) at 8:32, Adam Deadmarsh (Clb) for Hooking (Minor) at 11:48, Dustin Boyd (Mon) for Hooking (Minor) at 15:18, Marcus Nilson (Clb) for Roughing (Minor) at 16:33

2nd period

2. Blue Jackets , David Booth 14 (Cory Emmerton, Branislav Mezei) at 2:06
3. Blue Jackets , Marcus Nilson 9 (Kevin Bieksa) at 10:13 (PP)
4. Blue Jackets , David Booth 15 (Greg Zanon, Pavel Bure) at 12:11

Penalties :
Patrick Sharp (Mon) for Interference (Minor) at 5:00, Maxim Talbot (Mon) for High sticking (Minor) at 8:22, Cory Emmerton (Clb) for Interference (Minor) at 13:31, Adam Deadmarsh (Clb) for Holding (Minor) at 17:43

3rd period

No Goal

Penalties :
Cory Emmerton (Clb) for Hooking (Minor) at 2:27, Branislav Mezei (Clb) for Tripping (Minor) at 5:48, Ramzi Abid (Clb) for Holding (Minor) at 8:06, Greg Zanon (Clb) for Hooking (Minor) at 10:47, Patrick Sharp (Mon) for Hooking (Minor) at 14:40, Patrick Sharp (Mon) for Hooking (Minor) at 16:45

Goalie Stats

Rick DiPietro (Clb), 25 saves from 26 shots - (0,962), W, 9-4-1, 60:00 minutes
Jonathan Bernier (Mon), 23 saves from 26 shots - (0,885), L, 7-5-0, 60:00 minutes

Players Stats for Blue Jackets

Player Name              G  A  P  +/- PIM S  H  SB GA TA FO     MP     PP MP  PK MP  
------------------------------------------------------------------------------------
Adam Deadmarsh           0  0  0   0  4   1  0  0  1  0  0/0    10:02   0:15   0:00 
Brad Stuart              0  0  0   0  0   0  1  0  0  0  0/0    10:33   0:05   3:15 
Branislav Mezei          0  1  1   1  2   1  0  0  0  0  0/0    18:38   0:00   6:03 
Chris Kelly              0  0  0   0  0   1  0  0  0  2  9/16   15:33   0:00   8:26 
Cory Emmerton            0  1  1   2  4   3  2  0  0  0  14/32  15:36   6:32   0:00 
Dave Steckel             0  0  0   0  0   0  0  0  0  0  2/2     8:04   0:00   4:24 
David Booth              2  0  2   2  0   4  2  0  0  0  0/4    23:36   6:30   7:22 
François Beauchemin      0  0  0   1  2   0  3  2  0  0  0/0    22:33   4:59   6:27 
Greg Zanon               0  1  1   1  2   0  1  0  0  3  0/0    22:56   4:59   8:29 
Jan Bulis                0  0  0  -1  0   0  3  0  0  0  1/7    16:14   4:15   0:24 
Jason Ward               0  0  0   0  0   0  1  0  0  0  0/3     6:16   0:27   5:10 
Jeff Taffe               0  0  0   0  0   1  1  0  0  0  0/0     4:21   0:00   1:02 
Kevin Bieksa             0  1  1   0  0   1  3  2  3  1  0/0    21:01   6:03   0:00 
Marcus Nilson            1  0  1   0  2   3  1  1  1  0  0/1    15:10   4:14   0:00 
Mike Commodore           0  0  0  -1  0   0  0  0  0  0  0/0    25:22   6:03  10:00 
Patric Hornqvist         0  0  0   0  0   6  1  0  0  0  0/0    17:24   6:33   0:00 
Pavel Bure               0  1  1   2  0   1  1  0  0  0  1/1    13:27   4:14   0:00 
Ramzi Abid               0  0  0  -1  2   4  0  0  0  0  0/1    15:14   0:00   7:26 

Players Stats for Canadiens

Player Name              G  A  P  +/- PIM S  H  SB GA TA FO     MP     PP MP  PK MP  
------------------------------------------------------------------------------------
Brian Gionta             0  0  0   0  0   4  0  0  0  0  0/0     8:30   0:34   0:00 
Brooks Laich             0  0  0   0  0   1  1  0  0  1  2/3    11:51   0:01   4:25 
Cam Janssen              0  0  0   0  0   0  1  0  0  0  0/0     6:08   0:09   0:00 
Dan Boyle                0  1  1   1  0   0  5  0  1  1  0/0    23:33   9:22   0:46 
Dennis Wideman           0  0  0   1  0   3  0  0  0  1  0/0    28:13   9:22   5:16 
Devin Setoguchi          0  0  0  -2  0   0  3  0  2  0  0/3    18:41   8:56   0:00 
Dustin Boyd              0  0  0   0  4   6  1  0  0  0  6/10   19:27   7:35   4:00 
Jiri Fischer             0  0  0   0  0   0  0  1  0  1  0/0    12:32   0:00   5:36 
Josh Gorges              0  0  0  -2  0   3  3  1  0  0  0/0    24:07   7:45   5:10 
Ladislav Smid            0  0  0  -2  0   0  2  0  0  0  0/0    16:15   0:00   5:16 
Marc Savard              1  0  1  -1  0   2  5  1  0  0  21/33  19:40   9:03   0:04 
Marek Svatos             0  0  0   0  0   1  0  0  0  0  0/0    15:38   7:49   0:00 
Matt Carle               0  0  0   0  0   1  2  0  0  0  0/0    15:20   7:45   0:00 
Maxim Talbot             0  0  0   0  2   1  2  0  0  0  8/13   10:25   0:00   4:45 
Patrick Sharp            0  1  1  -1  6   2  2  0  1  0  2/3    22:33   9:03   2:56 
Pierre-Luc Létourneau    0  0  0   0  0   1  0  0  0  1  0/0     8:58   0:01   3:04 
Rene Bourque             0  0  0   0  0   0  0  0  0  0  0/1     7:58   0:35   0:00 
Sergei Samsonov          0  0  0   0  0   1  2  0  2  0  1/1    18:19   7:35   2:50 

3 Stars

1 - David Booth (Clb)
2 - Rick DiPietro (Clb)
3 - Marc Savard (Mon)

Power Play

Blue Jackets - 1 on 6 Attempt(s) - 16,67%
Canadiens - 0 on 9 Attempt(s) - 0,00%

Penalty Kill

Blue Jackets - 9 on 9 Attempt(s) - 100,00% - Score 0 goal in Penalty Kill
Canadiens - 5 on 6 Attempt(s) - 83,33% - Score 0 goal in Penalty Kill

Team Stat

Blue Jackets - Hits : 20 - Faceoff Wins : 27 - Blocked Shots : 5 - Penalty Minutes : 18
Canadiens - Hits : 29 - Faceoff Wins : 40 - Blocked Shots : 3 - Penalty Minutes : 12

Official

Referees : Kowal Tom and StPierre Justin
Linesman : Greg Devorski and Scott Cherrey

Game Notes

No Game Note

Finance

Level 1 -- Attendance: 5267 (87,78%) -- Ticket Income 452 962 $
Level 2 -- Attendance: 4619 (92,38%) -- Ticket Income 230 950 $
Level 3 -- Attendance: 1948 (97,40%) -- Ticket Income 60 388 $
Level 4 -- Attendance: 3850 (96,25%) -- Ticket Income 84 700 $
Luxury Box -- Attendance: 1000 (100,00%) -- Ticket Income 165 000 $
Game was played at the Centre Bell'
Total Attendance: 16684 (92,69%)
Total Ticket Income: 994 000 $
Other Income: 149 100 $
Total Income: 1 143 100 $

Blue Jackets

5 vs 5 Forward 
   Center                   Left Wing                Right Wing               Time % Phy DF OF 
 1 Jan Bulis                Marcus Nilson            Patric Hornqvist         33     1   2  2  
 2 Cory Emmerton            David Booth              Pavel Bure               33     1   2  2  
 3 Chris Kelly              Ramzi Abid               Adam Deadmarsh           24     1   2  2  
 4 Dave Steckel             Jeff Taffe               Adam Deadmarsh           10     1   2  2  

5 vs 5 Defense 
   Defense                  Defense                                           Time % Phy DF OF 
 1 Branislav Mezei          Kevin Bieksa                                      40     1   2  2  
 2 Greg Zanon               François Beauchemin                               30     1   2  2  
 3 Brad Stuart              Mike Commodore                                    20     1   2  2  
 4 François Beauchemin      Kevin Bieksa                                      10     1   2  2  

PowerPlay Forward 
   Center                   Left Wing                Right Wing               Time % Phy DF OF 
 1 Cory Emmerton            David Booth              Patric Hornqvist         60     1   2  2  
 2 Jan Bulis                Marcus Nilson            Pavel Bure               40     1   2  2  

PowerPlay Defense
   Defense                  Defense                                           Time % Phy DF OF 
 1 Mike Commodore           Kevin Bieksa                                      60     1   2  2  
 2 Greg Zanon               François Beauchemin                               40     1   2  2  

Penalty Kill 4 Players Forward 
   Center                   Wing                     Time % Phy DF OF 
 1 Chris Kelly              Ramzi Abid               60     1   3  1  
 2 David Booth              Jason Ward               40     1   3  1  

Penalty Kill 4 Players Defense
   Defense                  Defense                  Time % Phy DF OF 
 1 Mike Commodore           Greg Zanon               60     1   3  1  
 2 Branislav Mezei          François Beauchemin      40     1   3  1  

Penalty Kill - 3 Players Forward 
   Forward                                           Time % Phy DF OF 
 1 Chris Kelly                                       60     1   3  1  
 2 Ramzi Abid                                        40     1   3  1  

Penalty Kill - 3 Players Defense
   Defense                  Defense                  Time % Phy DF OF 
 1 Mike Commodore           Greg Zanon               60     1   3  1  
 2 Branislav Mezei          François Beauchemin      40     1   3  1  

4 vs 4 Forward 
   Center                   Wing                     Time % Phy DF OF 
 1 Jan Bulis                Ramzi Abid               60     1   2  2  
 2 Cory Emmerton            David Booth              40     1   2  2  

4 vs 4 Defense
   Defense                  Defense                  Time % Phy DF OF 
 1 Mike Commodore           Kevin Bieksa             60     1   2  2  
 2 Greg Zanon               François Beauchemin      40     1   2  2  

Last Minutes Offensive
   Center                   Left Wing                Right Wing               Defense                  Defense                  
   Chris Kelly              David Booth              Patric Hornqvist         Brad Stuart              Kevin Bieksa             

Last Minutes Defensive
   Center                   Left Wing                Right Wing               Defense                  Defense                  
   Chris Kelly              David Booth              Patric Hornqvist         Brad Stuart              Kevin Bieksa             

Goaltenders
Starting : Rick DiPietro            
Backup : Mathieu Garon            

Extra Forwards
Normal : Jason Ward, Adam Deadmarsh, Dave Steckel - PP : Jason Ward, Adam Deadmarsh - PK : Dave Steckel
Extra Defensemen
Normal : Kevin Bieksa, Mike Commodore, Greg Zanon - PP : Kevin Bieksa - PK : Mike Commodore, Greg Zanon
Penalty Shots
David Booth, Patric Hornqvist, Marcus Nilson, Chris Kelly, Pavel Bure

Canadiens

5 vs 5 Forward 
   Center                   Left Wing                Right Wing               Time % Phy DF OF 
 1 Marc Savard              Patrick Sharp            Devin Setoguchi          40     1   2  2  
 2 Dustin Boyd              Sergei Samsonov          Marek Svatos             30     1   2  2  
 3 Brooks Laich             Rene Bourque             Brian Gionta             20     1   2  2  
 4 Maxim Talbot             Pierre-Luc Létourneau    Cam Janssen              10     1   2  2  

5 vs 5 Defense 
   Defense                  Defense                                           Time % Phy DF OF 
 1 Dennis Wideman           Dan Boyle                                         40     1   2  2  
 2 Ladislav Smid            Josh Gorges                                       30     1   2  2  
 3 Matt Carle               Jiri Fischer                                      20     1   2  2  
 4 Dennis Wideman           Dan Boyle                                         10     1   2  2  

PowerPlay Forward 
   Center                   Left Wing                Right Wing               Time % Phy DF OF 
 1 Marc Savard              Patrick Sharp            Devin Setoguchi          60     1   2  2  
 2 Dustin Boyd              Sergei Samsonov          Marek Svatos             40     1   2  2  

PowerPlay Defense
   Defense                  Defense                                           Time % Phy DF OF 
 1 Dennis Wideman           Dan Boyle                                         60     1   2  2  
 2 Josh Gorges              Matt Carle                                        40     1   2  2  

Penalty Kill 4 Players Forward 
   Center                   Wing                     Time % Phy DF OF 
 1 Maxim Talbot             Patrick Sharp            60     1   2  2  
 2 Brooks Laich             Sergei Samsonov          40     1   2  2  

Penalty Kill 4 Players Defense
   Defense                  Defense                  Time % Phy DF OF 
 1 Jiri Fischer             Josh Gorges              60     1   2  2  
 2 Ladislav Smid            Dennis Wideman           40     1   2  2  

Penalty Kill - 3 Players Forward 
   Forward                                           Time % Phy DF OF 
 1 Marc Savard                                       60     1   2  2  
 2 Patrick Sharp                                     40     1   2  2  

Penalty Kill - 3 Players Defense
   Defense                  Defense                  Time % Phy DF OF 
 1 Jiri Fischer             Josh Gorges              60     1   2  2  
 2 Ladislav Smid            Dennis Wideman           40     1   2  2  

4 vs 4 Forward 
   Center                   Wing                     Time % Phy DF OF 
 1 Marc Savard              Patrick Sharp            60     1   2  2  
 2 Brooks Laich             Sergei Samsonov          40     1   2  2  

4 vs 4 Defense
   Defense                  Defense                  Time % Phy DF OF 
 1 Dennis Wideman           Dan Boyle                60     1   2  2  
 2 Ladislav Smid            Jiri Fischer             40     1   2  2  

Last Minutes Offensive
   Center                   Left Wing                Right Wing               Defense                  Defense                  
   Marc Savard              Patrick Sharp            Devin Setoguchi          Dennis Wideman           Dan Boyle                

Last Minutes Defensive
   Center                   Left Wing                Right Wing               Defense                  Defense                  
   Maxim Talbot             Sergei Samsonov          Rene Bourque             Dennis Wideman           Josh Gorges              

Goaltenders
Starting : Jonathan Bernier         
Backup : Miika Kiprusoff          

Extra Forwards
Normal : Maxim Talbot, Brian Gionta, Dustin Boyd - PP : Rene Bourque, Brian Gionta - PK : Dustin Boyd
Extra Defensemen
Normal : Matt Carle, Jiri Fischer, Ladislav Smid - PP : Jiri Fischer - PK : Dan Boyle, Matt Carle
Penalty Shots
Marc Savard, Patrick Sharp, Rene Bourque, Sergei Samsonov, Devin Setoguchi

% Time on Ice - Blue Jackets

Lines # - Real PCT - Wanted PCT - Time Play
Normal Forward
1 - 41% - 33% - 12:45
2 - 30% - 33% - 9:23
3 - 20% - 24% - 6:14
4 - 9% - 10% - 2:45
Normal Defense
1 - 43% - 40% - 13:14
2 - 29% - 30% - 9:04
3 - 22% - 20% - 6:52
4 - 6% - 10% - 1:57
PP Forward
1 - 61% - 60% - 6:42
2 - 39% - 40% - 4:20
PP Defense
1 - 55% - 60% - 6:03
2 - 45% - 40% - 4:59
PK Forward
1 - 70% - 60% - 11:57
2 - 30% - 40% - 5:10
PK Defense
1 - 57% - 60% - 9:47
2 - 43% - 40% - 7:20
PK3 Forward
1 - 0% - 60%
2 - 0% - 40%
PK3 Defense
1 - 0% - 60%
2 - 0% - 40%
44 Forward
1 - 100% - 60% - 0:44
2 - 0% - 40% - 0:00
44 Defense
1 - 89% - 60% - 0:39
2 - 11% - 40% - 0:05
Last Minute Offensive  - 0:00
Last Minute Defensive  - 0:00
Total
Forward - 60:00
Defense - 60:00

% Time on Ice - Canadiens

Lines # - Real PCT - Wanted PCT - Time Play
Normal Forward
1 - 34% - 40% - 10:30
2 - 25% - 30% - 7:49
3 - 23% - 20% - 7:13
4 - 18% - 10% - 5:35
Normal Defense
1 - 41% - 40% - 12:47
2 - 38% - 30% - 11:50
3 - 21% - 20% - 6:30
4 - 0% - 10% - 0:00
PP Forward
1 - 53% - 60% - 9:04
2 - 47% - 40% - 8:03
PP Defense
1 - 55% - 60% - 9:22
2 - 45% - 40% - 7:45
PK Forward
1 - 86% - 60% - 9:32
2 - 14% - 40% - 1:30
PK Defense
1 - 52% - 60% - 5:46
2 - 48% - 40% - 5:16
PK3 Forward
1 - 0% - 60%
2 - 0% - 40%
PK3 Defense
1 - 0% - 60%
2 - 0% - 40%
44 Forward
1 - 100% - 60% - 0:44
2 - 0% - 40% - 0:00
44 Defense
1 - 100% - 60% - 0:44
2 - 0% - 40% - 0:00
Last Minute Offensive  - 0:00
Last Minute Defensive  - 0:00
Total
Forward - 60:00
Defense - 60:00

Play by Play

1st period


0:01 of 1st period - Marc Savard wins face-off versus Jan Bulis in neutral zone.
0:36 of 1st period - Off-side.
0:37 of 1st period - Chris Kelly wins face-off versus Brooks Laich in neutral zone.
0:52 of 1st period - Snap shot by Ramzi Abid.
0:52 of 1st period - Stopped by Jonathan Bernier without a rebound.
0:53 of 1st period - Dave Steckel wins face-off versus Maxim Talbot in Canadiens zone.
0:56 of 1st period - Slapshot by Jeff Taffe.
0:56 of 1st period - Stopped by Jonathan Bernier without a rebound.
0:57 of 1st period - Dave Steckel wins face-off versus Maxim Talbot in Canadiens zone.
0:58 of 1st period - Snap shot by Adam Deadmarsh.
0:58 of 1st period - Shot Blocked by Jiri Fischer.
1:20 of 1st period - Minor Penalty to François Beauchemin for Interference.
1:21 of 1st period - Chris Kelly wins face-off versus Devin Setoguchi in Blue Jackets zone.
1:21 of 1st period - Chris Kelly is hit by Dan Boyle.
1:39 of 1st period - Chris Kelly is hit by Patrick Sharp and loses puck.
3:20 of 1st period - Penalty to François Beauchemin is over, François Beauchemin is back on ice.
3:35 of 1st period - Wrist shot by Patric Hornqvist.
3:35 of 1st period - Stopped by Jonathan Bernier with a rebound.
5:14 of 1st period - Wrist shot by Ramzi Abid.
5:14 of 1st period - Stopped by Jonathan Bernier without a rebound.
5:15 of 1st period - Chris Kelly wins face-off versus Dustin Boyd in Canadiens zone.
6:00 of 1st period - Off-side.
6:01 of 1st period - Marc Savard wins face-off versus Cory Emmerton in neutral zone.
6:04 of 1st period - Brad Stuart is hit by Marc Savard.
6:22 of 1st period - Chris Kelly is hit by Patrick Sharp.
6:49 of 1st period - Snap shot by Dustin Boyd.
6:49 of 1st period - Shot Hit the Post.
7:30 of 1st period - Off-side.
7:31 of 1st period - Chris Kelly wins face-off versus Maxim Talbot in neutral zone.
7:46 of 1st period - Wrist shot by Chris Kelly.
7:46 of 1st period - Shot Misses the Net.
7:56 of 1st period - David Booth is hit by Devin Setoguchi and loses puck.
8:32 of 1st period - Minor Penalty to Dustin Boyd for Holding.
8:33 of 1st period - Maxim Talbot wins face-off versus Cory Emmerton in Canadiens zone.
9:09 of 1st period - Sergei Samsonov is hit by Jan Bulis and loses puck.
10:17 of 1st period - Ladislav Smid is hit by Pavel Bure and loses puck.
10:32 of 1st period - Penalty to Dustin Boyd is over, Dustin Boyd is back on ice.
10:35 of 1st period - Off-side.
10:36 of 1st period - Dustin Boyd wins face-off versus Chris Kelly in neutral zone.
10:43 of 1st period - Slapshot by Dustin Boyd.
10:43 of 1st period - Stopped by Rick DiPietro without a rebound.
10:44 of 1st period - Dustin Boyd wins face-off versus Chris Kelly in Blue Jackets zone.
10:45 of 1st period - Snap shot by Marek Svatos.
10:45 of 1st period - Shot Misses the Net.
11:03 of 1st period - Snap shot by Chris Kelly.
11:03 of 1st period - Stopped by Jonathan Bernier with a rebound.
11:48 of 1st period - Minor Penalty to Adam Deadmarsh for Hooking.
11:49 of 1st period - Marc Savard wins face-off versus David Booth in Blue Jackets zone.
13:48 of 1st period - Penalty to Adam Deadmarsh is over, Adam Deadmarsh is back on ice.
13:55 of 1st period - Slapshot by Pierre-Luc Létourneau.
13:55 of 1st period - Shot Misses the Net.
14:01 of 1st period - Snap shot by Maxim Talbot.
14:01 of 1st period - Shot Blocked by François Beauchemin.
14:03 of 1st period - Snap shot by Jiri Fischer.
14:03 of 1st period - Deflect By Maxim Talbot.
14:03 of 1st period - Shot Blocked by François Beauchemin.
14:03 of 1st period - Puck is out of play.
14:04 of 1st period - Maxim Talbot wins face-off versus Jan Bulis in Blue Jackets zone.
14:17 of 1st period - Icing by Dennis Wideman.
14:18 of 1st period - Maxim Talbot wins face-off versus Cory Emmerton in Canadiens zone.
14:23 of 1st period - David Booth is hit by Maxim Talbot and loses puck.
14:38 of 1st period - Slapshot by Maxim Talbot.
14:38 of 1st period - Stopped by Rick DiPietro without a rebound.
14:39 of 1st period - Jan Bulis wins face-off versus Devin Setoguchi in Blue Jackets zone.
14:54 of 1st period - Wrist shot by Patrick Sharp.
14:54 of 1st period - Shot Misses the Net.
14:56 of 1st period - Snap shot by Patrick Sharp.
14:56 of 1st period - Deflect By Devin Setoguchi.
14:56 of 1st period - Shot Misses the Net.
14:56 of 1st period - Puck is out of play.
14:57 of 1st period - Cory Emmerton wins face-off versus Dustin Boyd in Blue Jackets zone.
15:12 of 1st period - Slapshot by Cory Emmerton.
15:12 of 1st period - Stopped by Jonathan Bernier with a rebound.
15:18 of 1st period - Minor Penalty to Dustin Boyd for Hooking.
15:19 of 1st period - Maxim Talbot wins face-off versus Cory Emmerton in Canadiens zone.
15:25 of 1st period - Off-side.
15:26 of 1st period - Maxim Talbot wins face-off versus Cory Emmerton in neutral zone.
16:33 of 1st period - Minor Penalty to Marcus Nilson for Roughing.
16:34 of 1st period - Marc Savard wins face-off versus Jan Bulis in Blue Jackets zone.
16:40 of 1st period - Wrist shot by Marc Savard.
16:40 of 1st period - Goal by Marc Savard - Blue Jackets : 0 - Canadiens : 1.
16:41 of 1st period - Marc Savard wins face-off versus Jan Bulis in neutral zone.
16:48 of 1st period - Snap shot by Marc Savard.
16:48 of 1st period - Shot Hit the Post.
17:12 of 1st period - Icing by Marc Savard.
17:13 of 1st period - Marc Savard wins face-off versus Jan Bulis in Canadiens zone.
17:18 of 1st period - Penalty to Dustin Boyd is over, Dustin Boyd is back on ice.
18:12 of 1st period - Icing by Marek Svatos.
18:13 of 1st period - Dustin Boyd wins face-off versus Jason Ward in Canadiens zone.
18:24 of 1st period - François Beauchemin is hit by Marc Savard and loses puck.
18:33 of 1st period - Penalty to Marcus Nilson is over, Marcus Nilson is back on ice.
18:48 of 1st period - Wrist shot by Patric Hornqvist.
18:48 of 1st period - Shot Misses the Net.
18:50 of 1st period - Slapshot by Branislav Mezei.
18:50 of 1st period - Shot Misses the Net.
18:52 of 1st period - Slapshot by Marcus Nilson.
18:52 of 1st period - Stopped by Jonathan Bernier without a rebound.
18:53 of 1st period - Marc Savard wins face-off versus Cory Emmerton in Canadiens zone.
18:53 of 1st period - Marc Savard is hit by Cory Emmerton.
19:03 of 1st period - Wrist shot by Pavel Bure.
19:03 of 1st period - Shot Blocked by Josh Gorges.
19:19 of 1st period - Patric Hornqvist is hit by Sergei Samsonov.
19:27 of 1st period - Wrist shot by Dustin Boyd.
19:27 of 1st period - Stopped by Rick DiPietro without a rebound.
19:28 of 1st period - Marc Savard wins face-off versus Cory Emmerton in Blue Jackets zone.
Goals for this period are 0 for Blue Jackets vs 1 for Canadiens.
Shots for this period are 7 for Blue Jackets vs 4 for Canadiens.

2nd period


0:01 of 2nd period - Marc Savard wins face-off versus Cory Emmerton in neutral zone.
0:48 of 2nd period - Branislav Mezei is hit by Cam Janssen and loses puck.
0:55 of 2nd period - Snap shot by Pierre-Luc Létourneau.
0:55 of 2nd period - Stopped by Rick DiPietro without a rebound.
0:56 of 2nd period - Patrick Sharp wins face-off versus Cory Emmerton in Blue Jackets zone.
0:56 of 2nd period - Marc Savard is hit by François Beauchemin and loses puck.
0:59 of 2nd period - Snap shot by Patrick Sharp.
0:59 of 2nd period - Shot Misses the Net.
1:01 of 2nd period - Wrist shot by Patrick Sharp.
1:01 of 2nd period - Stopped by Rick DiPietro with a rebound.
1:13 of 2nd period - Slapshot by Marc Savard.
1:13 of 2nd period - Shot Misses the Net.
1:54 of 2nd period - Snap shot by Ramzi Abid.
1:54 of 2nd period - Stopped by Jonathan Bernier without a rebound.
1:55 of 2nd period - Cory Emmerton wins face-off versus Marc Savard in Canadiens zone.
1:56 of 2nd period - Snap shot by Pavel Bure.
1:56 of 2nd period - Shot Misses the Net.
1:58 of 2nd period - Wrist shot by Cory Emmerton.
1:58 of 2nd period - Shot Misses the Net.
2:00 of 2nd period - Slapshot by Branislav Mezei.
2:00 of 2nd period - Stopped by Jonathan Bernier with a rebound.
2:04 of 2nd period - Snap shot by Cory Emmerton.
2:04 of 2nd period - Stopped by Jonathan Bernier with a rebound.
2:06 of 2nd period - Snap shot by David Booth.
2:06 of 2nd period - Goal by David Booth - Blue Jackets : 1 - Canadiens : 1.
2:07 of 2nd period - Cory Emmerton wins face-off versus Marc Savard in neutral zone.
2:33 of 2nd period - Marcus Nilson is hit by Dan Boyle and loses puck.
3:02 of 2nd period - Slapshot by Dennis Wideman.
3:02 of 2nd period - Stopped by Rick DiPietro without a rebound.
3:03 of 2nd period - Cory Emmerton wins face-off versus Devin Setoguchi in Blue Jackets zone.
3:03 of 2nd period - Cory Emmerton is hit by Devin Setoguchi.
3:13 of 2nd period - Snap shot by Pavel Bure.
3:13 of 2nd period - Stopped by Jonathan Bernier with a rebound.
3:50 of 2nd period - Slapshot by Brian Gionta.
3:50 of 2nd period - Stopped by Rick DiPietro with a rebound.
3:52 of 2nd period - Snap shot by Josh Gorges.
3:52 of 2nd period - Stopped by Rick DiPietro without a rebound.
3:53 of 2nd period - Pavel Bure wins face-off versus Rene Bourque in Blue Jackets zone.
4:25 of 2nd period - Snap shot by Patric Hornqvist.
4:25 of 2nd period - Shot Misses the Net.
4:46 of 2nd period - Wrist shot by Chris Kelly.
4:46 of 2nd period - Deflect By Ramzi Abid.
4:46 of 2nd period - Stopped by Jonathan Bernier without a rebound.
4:47 of 2nd period - Cory Emmerton wins face-off versus Marc Savard in Canadiens zone.
4:54 of 2nd period - Slapshot by David Booth.
4:54 of 2nd period - Stopped by Jonathan Bernier with a rebound.
4:56 of 2nd period - Snap shot by Cory Emmerton.
4:56 of 2nd period - Stopped by Jonathan Bernier without a rebound.
4:57 of 2nd period - Marc Savard wins face-off versus Cory Emmerton in Canadiens zone.
4:57 of 2nd period - Marc Savard is hit by Cory Emmerton.
5:00 of 2nd period - Minor Penalty to Patrick Sharp for Interference.
5:01 of 2nd period - Maxim Talbot wins face-off versus Cory Emmerton in Canadiens zone.
5:06 of 2nd period - Icing by Patric Hornqvist.
5:07 of 2nd period - Maxim Talbot wins face-off versus Cory Emmerton in Blue Jackets zone.
5:14 of 2nd period - Slapshot by Dustin Boyd.
5:14 of 2nd period - Stopped by Rick DiPietro without a rebound.
5:15 of 2nd period - Maxim Talbot wins face-off versus Cory Emmerton in Blue Jackets zone.
7:00 of 2nd period - Penalty to Patrick Sharp is over, Patrick Sharp is back on ice.
7:30 of 2nd period - Rene Bourque is hit by Kevin Bieksa and loses puck.
7:43 of 2nd period - Jason Ward is hit by Sergei Samsonov.
7:47 of 2nd period - Sergei Samsonov is hit by Jason Ward and loses puck.
8:22 of 2nd period - Minor Penalty to Maxim Talbot for High sticking.
8:23 of 2nd period - Cory Emmerton wins face-off versus Dustin Boyd in Canadiens zone.
8:28 of 2nd period - Snap shot by Patric Hornqvist.
8:28 of 2nd period - Stopped by Jonathan Bernier with a rebound.
8:30 of 2nd period - Slapshot by Kevin Bieksa.
8:30 of 2nd period - Deflect By Patric Hornqvist.
8:30 of 2nd period - Stopped by Jonathan Bernier without a rebound.
8:31 of 2nd period - Cory Emmerton wins face-off versus Dustin Boyd in Canadiens zone.
8:32 of 2nd period - Wrist shot by Patric Hornqvist.
8:32 of 2nd period - Stopped by Jonathan Bernier without a rebound.
8:33 of 2nd period - Patrick Sharp wins face-off versus Cory Emmerton in Canadiens zone.
9:40 of 2nd period - Snap shot by Patric Hornqvist.
9:40 of 2nd period - Stopped by Jonathan Bernier with a rebound.
9:50 of 2nd period - Dustin Boyd is hit by David Booth.
10:04 of 2nd period - Josh Gorges is hit by Jan Bulis and loses puck.
10:13 of 2nd period - Snap shot by Marcus Nilson.
10:13 of 2nd period - Goal by Marcus Nilson - Blue Jackets : 2 - Canadiens : 1.
10:14 of 2nd period - Marc Savard wins face-off versus Chris Kelly in neutral zone.
10:17 of 2nd period - Slapshot by Dan Boyle.
10:17 of 2nd period - Deflect By Marc Savard.
10:17 of 2nd period - Shot Blocked by Kevin Bieksa.
10:17 of 2nd period - Puck is out of play.
10:18 of 2nd period - Chris Kelly wins face-off versus Marc Savard in Blue Jackets zone.
10:57 of 2nd period - Jeff Taffe is hit by Dustin Boyd and loses puck.
11:32 of 2nd period - Wrist shot by Maxim Talbot.
11:32 of 2nd period - Shot Blocked by Marcus Nilson.
11:48 of 2nd period - Snap shot by Brian Gionta.
11:48 of 2nd period - Shot Hit the Post.
11:50 of 2nd period - Slapshot by Josh Gorges.
11:50 of 2nd period - Deflect By Patric Hornqvist.
11:50 of 2nd period - Stopped by Rick DiPietro with a rebound.
11:52 of 2nd period - Slapshot by Brooks Laich.
11:52 of 2nd period - Deflect By Brian Gionta.
11:52 of 2nd period - Stopped by Rick DiPietro without a rebound.
11:53 of 2nd period - Marc Savard wins face-off versus Cory Emmerton in Blue Jackets zone.
11:53 of 2nd period - Marc Savard is hit by François Beauchemin.
11:57 of 2nd period - Snap shot by Marc Savard.
11:57 of 2nd period - Stopped by Rick DiPietro without a rebound.
11:58 of 2nd period - Cory Emmerton wins face-off versus Marc Savard in Blue Jackets zone.
12:05 of 2nd period - Slapshot by Pavel Bure.
12:05 of 2nd period - Shot Misses the Net.
12:11 of 2nd period - Wrist shot by David Booth.
12:11 of 2nd period - Goal by David Booth - Blue Jackets : 3 - Canadiens : 1.
12:12 of 2nd period - Cory Emmerton wins face-off versus Marc Savard in neutral zone.
12:22 of 2nd period - Off-side.
12:23 of 2nd period - Cory Emmerton wins face-off versus Marc Savard in neutral zone.
12:28 of 2nd period - Slapshot by David Booth.
12:28 of 2nd period - Stopped by Jonathan Bernier without a rebound.
12:29 of 2nd period - Marc Savard wins face-off versus Cory Emmerton in Canadiens zone.
12:29 of 2nd period - Marc Savard is hit by Kevin Bieksa.
12:59 of 2nd period - Snap shot by Dustin Boyd.
12:59 of 2nd period - Stopped by Rick DiPietro without a rebound.
13:00 of 2nd period - Dustin Boyd wins face-off versus Marcus Nilson in Blue Jackets zone.
13:07 of 2nd period - Snap shot by Sergei Samsonov.
13:07 of 2nd period - Shot Misses the Net.
13:13 of 2nd period - Wrist shot by Sergei Samsonov.
13:13 of 2nd period - Stopped by Rick DiPietro with a rebound.
13:21 of 2nd period - Wrist shot by Dustin Boyd.
13:21 of 2nd period - Stopped by Rick DiPietro without a rebound.
13:22 of 2nd period - Marc Savard wins face-off versus David Booth in Blue Jackets zone.
13:29 of 2nd period - Snap shot by Marc Savard.
13:29 of 2nd period - Shot Blocked by Kevin Bieksa.
13:31 of 2nd period - Minor Penalty to Cory Emmerton for Interference.
13:32 of 2nd period - Chris Kelly wins face-off versus Marc Savard in Blue Jackets zone.
13:41 of 2nd period - Snap shot by Chris Kelly.
13:41 of 2nd period - Shot Blocked by Marc Savard.
14:11 of 2nd period - David Booth is hit by Josh Gorges and loses puck.
15:31 of 2nd period - Penalty to Cory Emmerton is over, Cory Emmerton is back on ice.
15:55 of 2nd period - Marcus Nilson is hit by Maxim Talbot and loses puck.
16:35 of 2nd period - Greg Zanon is hit by Devin Setoguchi and loses puck.
16:46 of 2nd period - Josh Gorges is hit by François Beauchemin and loses puck.
16:57 of 2nd period - Sergei Samsonov is hit by Marcus Nilson.
17:43 of 2nd period - Minor Penalty to Adam Deadmarsh for Holding.
17:44 of 2nd period - Marc Savard wins face-off versus Chris Kelly in Blue Jackets zone.
17:45 of 2nd period - Slapshot by Patrick Sharp.
17:45 of 2nd period - Stopped by Rick DiPietro without a rebound.
17:46 of 2nd period - Chris Kelly wins face-off versus Marc Savard in Blue Jackets zone.
17:46 of 2nd period - Chris Kelly is hit by Dan Boyle.
17:58 of 2nd period - Slapshot by Dennis Wideman.
17:58 of 2nd period - Stopped by Rick DiPietro without a rebound.
17:59 of 2nd period - Marc Savard wins face-off versus Ramzi Abid in Blue Jackets zone.
18:26 of 2nd period - Greg Zanon is hit by Dan Boyle and loses puck.
19:29 of 2nd period - Greg Zanon is hit by Matt Carle and loses puck.
19:43 of 2nd period - Penalty to Adam Deadmarsh is over, Adam Deadmarsh is back on ice.
19:50 of 2nd period - Slapshot by Patric Hornqvist.
19:50 of 2nd period - Shot Misses the Net.
Goals for this period are 3 for Blue Jackets vs 0 for Canadiens.
Shots for this period are 15 for Blue Jackets vs 14 for Canadiens.

3rd period


0:01 of 3rd period - Marc Savard wins face-off versus Cory Emmerton in neutral zone.
1:40 of 3rd period - Slapshot by Patric Hornqvist.
1:40 of 3rd period - Shot Misses the Net.
1:42 of 3rd period - Snap shot by Marcus Nilson.
1:42 of 3rd period - Stopped by Jonathan Bernier with a rebound.
2:27 of 3rd period - Minor Penalty to Cory Emmerton for Hooking.
2:28 of 3rd period - Marc Savard wins face-off versus Chris Kelly in Blue Jackets zone.
3:15 of 3rd period - Patrick Sharp is hit by David Booth and loses puck.
3:48 of 3rd period - David Booth is hit by Marc Savard and loses puck.
4:27 of 3rd period - Penalty to Cory Emmerton is over, Cory Emmerton is back on ice.
5:03 of 3rd period - Off-side.
5:04 of 3rd period - Brooks Laich wins face-off versus Cory Emmerton in neutral zone.
5:04 of 3rd period - Dennis Wideman is hit by Brad Stuart and loses puck.
5:09 of 3rd period - Brad Stuart is hit by Brooks Laich and loses puck.
5:16 of 3rd period - Wrist shot by Brian Gionta.
5:16 of 3rd period - Stopped by Rick DiPietro with a rebound.
5:28 of 3rd period - Jiri Fischer is hit by Patric Hornqvist and loses puck.
5:47 of 3rd period - Chris Kelly is hit by Marc Savard.
5:48 of 3rd period - Minor Penalty to Branislav Mezei for Tripping.
5:49 of 3rd period - Chris Kelly wins face-off versus Patrick Sharp in Blue Jackets zone.
5:49 of 3rd period - Chris Kelly is hit by Dan Boyle.
6:27 of 3rd period - Slapshot by Marek Svatos.
6:27 of 3rd period - Stopped by Rick DiPietro with a rebound.
6:29 of 3rd period - Slapshot by Dennis Wideman.
6:29 of 3rd period - Stopped by Rick DiPietro without a rebound.
6:30 of 3rd period - Dustin Boyd wins face-off versus Jason Ward in Blue Jackets zone.
6:31 of 3rd period - Wrist shot by Marek Svatos.
6:31 of 3rd period - Deflect By Dustin Boyd.
6:31 of 3rd period - Stopped by Rick DiPietro without a rebound.
6:32 of 3rd period - Sergei Samsonov wins face-off versus David Booth in Blue Jackets zone.
7:06 of 3rd period - François Beauchemin is hit by Josh Gorges and loses puck.
7:16 of 3rd period - Off-side.
7:17 of 3rd period - Dustin Boyd wins face-off versus David Booth in neutral zone.
7:45 of 3rd period - Mike Commodore is hit by Josh Gorges and loses puck.
7:48 of 3rd period - Penalty to Branislav Mezei is over, Branislav Mezei is back on ice.
8:06 of 3rd period - Minor Penalty to Ramzi Abid for Holding.
8:07 of 3rd period - Marc Savard wins face-off versus Chris Kelly in Blue Jackets zone.
8:54 of 3rd period - Off-side.
8:55 of 3rd period - Chris Kelly wins face-off versus Marc Savard in neutral zone.
9:10 of 3rd period - Slapshot by Josh Gorges.
9:10 of 3rd period - Stopped by Rick DiPietro with a rebound.
9:59 of 3rd period - Dan Boyle is hit by Jeff Taffe.
10:06 of 3rd period - Penalty to Ramzi Abid is over, Ramzi Abid is back on ice.
10:13 of 3rd period - Wrist shot by Marcus Nilson.
10:13 of 3rd period - Shot Misses the Net.
10:16 of 3rd period - Icing by Dennis Wideman.
10:17 of 3rd period - Brooks Laich wins face-off versus Jan Bulis in Canadiens zone.
10:28 of 3rd period - Brooks Laich is hit by Kevin Bieksa and loses puck.
10:41 of 3rd period - Snap shot by Brian Gionta.
10:41 of 3rd period - Stopped by Rick DiPietro with a rebound.
10:43 of 3rd period - Wrist shot by Brooks Laich.
10:43 of 3rd period - Stopped by Rick DiPietro without a rebound.
10:44 of 3rd period - Cory Emmerton wins face-off versus Marc Savard in Blue Jackets zone.
10:44 of 3rd period - Cory Emmerton is hit by Ladislav Smid.
10:47 of 3rd period - Minor Penalty to Greg Zanon for Hooking.
10:48 of 3rd period - Marc Savard wins face-off versus Chris Kelly in Blue Jackets zone.
11:20 of 3rd period - Slapshot by Matt Carle.
11:20 of 3rd period - Stopped by Rick DiPietro without a rebound.
11:21 of 3rd period - Marc Savard wins face-off versus Jason Ward in Blue Jackets zone.
11:44 of 3rd period - Chris Kelly is hit by Matt Carle.
12:47 of 3rd period - Penalty to Greg Zanon is over, Greg Zanon is back on ice.
13:21 of 3rd period - Brian Gionta is hit by Jan Bulis and loses puck.
13:44 of 3rd period - Ladislav Smid is hit by Greg Zanon and loses puck.
13:53 of 3rd period - Backhand shot by Adam Deadmarsh.
13:53 of 3rd period - Stopped by Jonathan Bernier with a rebound.
13:55 of 3rd period - Snap shot by Adam Deadmarsh.
13:55 of 3rd period - Shot Misses the Net.
13:57 of 3rd period - Slapshot by Kevin Bieksa.
13:57 of 3rd period - Stopped by Jonathan Bernier with a rebound.
14:35 of 3rd period - Wrist shot by Patric Hornqvist.
14:35 of 3rd period - Stopped by Jonathan Bernier without a rebound.
14:36 of 3rd period - Cory Emmerton wins face-off versus Marc Savard in Canadiens zone.
14:40 of 3rd period - Minor Penalty to Patrick Sharp for Hooking.
14:41 of 3rd period - Cory Emmerton wins face-off versus Maxim Talbot in Canadiens zone.
15:07 of 3rd period - Jan Bulis is hit by Ladislav Smid and loses puck.
16:40 of 3rd period - Penalty to Patrick Sharp is over, Patrick Sharp is back on ice.
16:45 of 3rd period - Minor Penalty to Patrick Sharp for Hooking.
16:46 of 3rd period - Cory Emmerton wins face-off versus Maxim Talbot in Canadiens zone.
18:45 of 3rd period - Penalty to Patrick Sharp is over, Patrick Sharp is back on ice.
19:12 of 3rd period - Adam Deadmarsh is hit by Marc Savard and loses puck.
Goals for this period are 0 for Blue Jackets vs 0 for Canadiens.
Shots for this period are 4 for Blue Jackets vs 8 for Canadiens.


Output by the SimonT Hockey Simulator (STHS) for François Prévost -- Original Page W3C XHTML 1.0 Valid
Hockey Simulator - Hockey Simulation - Hockey Manager